 Dungeon Crawl Stone Soup version 0.22-a0-848-ge9e22a0 (webtiles) character file.

82 Amnesiac the Magician (level 4, -3/30 HPs)
             Began as a Mummy Earth Elementalist on July 26, 2018.
             Slain by a worker ant (5 damage)
             ... on level 4 of the Dungeon.
             The game lasted 00:02:39 (795 turns).

Amnesiac the Magician (Mummy Earth Elementalist)     Turns: 795, Time: 00:02:41

Health: -3/30      AC:  3    Str: 16    XL:     4   Next: 21%
Magic:  1/9        EV: 12    Int: 15    God:
Gold:   49         SH:  0    Dex: 12    Spells: 0/10 levels left

rFire    . . .     SeeInvis .   a - -3 hunting sling
rCold    . . .     Gourm    .   (no shield)
rNeg     + + +     Faith    .   c - +0 robe
rPois    ∞         Spirit   .   e - +1 hat of Filth {*Corrode Str+5}
rElec    .         Reflect  .   (no cloak)
rCorr    .         Harm     .   (no gloves)
MR       .....                  (no boots)
Stlth    ++........             (no amulet)
HPRegen  0.10/turn              f - ring of fire
MPRegen  0.11/turn              (no ring)

@: very slightly contaminated
A: no food or potions, fire vulnerability, cold resistance 1, negative energy
resistance 3, torment resistance, unbreathing
a: no special abilities


You were on level 4 of the Dungeon.
You were not hungry.

You visited 1 branch of the dungeon, and saw 4 of its levels.

You collected 49 gold pieces.

Inventory:

Hand Weapons
 a - a -3 hunting sling (weapon)
Missiles
 b - 83 stones (quivered)
Armour
 c - a +0 robe (worn)
 e - the +1 hat of Filth (worn) {*Corrode Str+5}
   (You found it on level 4 of the Dungeon)

   It affects your strength (+5).
   It may corrode you when you take damage.
Jewellery
 f - a ring of fire (left hand)


   Skills:
 - Level 1.5 Dodging
 - Level 1.5 Stealth
 + Level 3.8 Spellcasting
 - Level 0.7 Transmutations
 * Level 3.7 Earth Magic


You couldn't memorise any spells.
You knew the following spells:

 Your Spells              Type           Power        Failure   Level  Hunger
a - Sandblast             Erth           ##....       4%          1    N/A
b - Passwall              Tmut/Erth      #.......     11%         2    N/A
c - Stone Arrow           Conj/Erth      #.....       26%         3    N/A
e - Petrify               Tmut/Erth      #.......     58%         4    N/A

Your spell library contained the following spells:

 Spells                   Type           Power        Failure   Level  Hunger
 Lee's Rapid Deconstruct  Erth           ##........   73%         5    N/A

Dungeon Overview and Level Annotations

Branches:
Dungeon (4/15)
 Temple: D:4-7

Altars:
Dithmenos


Innate Abilities, Weirdness & Mutations

You do not eat or drink.
Your flesh is vulnerable to fire.
You are immune to poison.
Your flesh is cold resistant. (rC+)
You are immune to negative energy. (rN+++)
You are immune to unholy pain and torment.
You can survive without breathing.


Message History

The worker ant closely misses you. The worker ant bites you.
Casting: Sandblast (safe; 4% risk of failure)
Confirm with . or Enter, or press ? or * to list all spells.
Aiming: Sandblast (safe; 4% risk of failure)
Press: ? - help, Shift-Dir - straight line, f/p - worker ant
Aim: a worker ant (moderately wounded)
The blast of sand hits the worker ant.
The worker ant is moderately wounded.
b - 86 stones The worker ant completely misses you.
Casting: Sandblast (safe; 4% risk of failure)
Confirm with . or Enter, or press ? or * to list all spells.
Aiming: Sandblast (safe; 4% risk of failure)
Press: ? - help, Shift-Dir - straight line, f/p - worker ant
Aim: a worker ant (moderately wounded)
The blast of sand hits the worker ant.
The worker ant is moderately wounded.
b - 85 stones The worker ant bites you!
Casting: Sandblast (safe; 4% risk of failure)
Confirm with . or Enter, or press ? or * to list all spells.
Aiming: Sandblast (safe; 4% risk of failure)
Press: ? - help, Shift-Dir - straight line, f/p - worker ant
Aim: a worker ant (moderately wounded)
You miscast Sandblast.
You are very lightly contaminated with residual magic.
Motes of dust swirl before your eyes. The worker ant bites you.
* * * LOW HITPOINT WARNING * * *
Casting: Sandblast (safe; 4% risk of failure)
Confirm with . or Enter, or press ? or * to list all spells.
Aiming: Sandblast (safe; 4% risk of failure)
Press: ? - help, Shift-Dir - straight line, f/p - worker ant
Aim: a worker ant (moderately wounded)
The blast of sand hits the worker ant.
The worker ant is heavily wounded.
b - 84 stones The worker ant bites you!
* * * LOW HITPOINT WARNING * * *
Casting: Sandblast (safe; 4% risk of failure)
Confirm with . or Enter, or press ? or * to list all spells.
Aiming: Sandblast (safe; 4% risk of failure)
Press: ? - help, Shift-Dir - straight line, f/p - worker ant
Aim: a worker ant (heavily wounded)
The blast of sand hits the worker ant.
The worker ant is heavily wounded.
b - 83 stones The worker ant closely misses you.
The worker ant barely misses you.
Casting: Sandblast (safe; 4% risk of failure)
Confirm with . or Enter, or press ? or * to list all spells.
You don't have enough magic to cast that spell.
Casting: Sandblast (safe; 4% risk of failure)
Confirm with . or Enter, or press ? or * to list all spells.
You don't have enough magic to cast that spell.
Casting: Sandblast (safe; 4% risk of failure)
Confirm with . or Enter, or press ? or * to list all spells.
You don't have enough magic to cast that spell.
Really read
d - a scroll labeled ITHUYM OCOR {!r}?
As you read the scroll labeled ITHUYM OCOR {!r}, it crumbles to dust.
You feel as if something is helping you.
It was a scroll of remove curse {!r}.
The worker ant barely misses you. The worker ant bites you.
* * * LOW HITPOINT WARNING * * *
The worker ant bites you.
You die...

#...# #.#.#
#.#.# #.#.#
#.#.######
#.#......#
#.######.#
#a######.#
###
#@##.....#
..#
#..##.#####
#.# #.###.#
#.# #.# #.#
#.# #.# #.#
#.# #.# #.#
#.######
#.# #.#
.†.....###
#.# #.#
..#####..##
###.# #.#


You could see a worker ant.

Vanquished Creatures
  A howler monkey (D:4)
  A hound skeleton (D:4)
  2 adders
  An orc (D:4)
  2 giant cockroaches (D:2)
  2 goblins (D:2)
  2 quokkas
  A ball python (D:2)
  A kobold (D:2)
13 creatures vanquished.

Notes
Turn   | Place    | Note
-------+----------+-------------------------------------------
     0 | D:1      | Amnesiac the Mummy Earth Elementalist began the quest for the Orb.
     0 | D:1      | Reached XP level 1. HP: 13/13 MP: 4/4
   188 | D:2      | Reached XP level 2. HP: 19/19 MP: 3/6
   192 | D:2      | Learned a level 2 spell: Passwall
   413 | D:4      | Got an ancient hat
   419 | D:4      | Identified the +1 hat of Filth {*Corrode Str+5} (You found it on level 4 of the Dungeon)
   439 | D:4      | Reached XP level 3. HP: 15/24 MP: 2/7
   444 | D:4      | Learned a level 3 spell: Stone Arrow
   564 | D:4      | Found a shadowy altar of Dithmenos.
   681 | D:4      | Reached XP level 4. HP: 20/30 MP: 1/9
   697 | D:4      | Learned a level 4 spell: Petrify
   791 | D:4      | HP: 1/30 [worker ant (2)]
   795 | D:4      | Slain by a worker ant

Vault maps used:
D:1:      minmay_arrival_arboretum_small, minmay_split_cup_small
D:3:      lemuel_crystal_altar, dk_yredelemnul_ordeal
D:4:      nicolae_dithmenos_through_a_glass_darkly, marbit_many_paths

Skill      XL: |  1 |
---------------+----+-----
Spellcasting   | 3 |  3.8
Earth Magic    | 3 |  3.7
Dodging        | |  1.5
Stealth        | |  1.5
Transmutations | |  0.7

Action                   |  1- 3 |  4- 6 || total
-------------------------+-------+-------++-------
 Fire: Hunting sling     |    24 |       ||    24
 Cast: Sandblast         |    25 |    10 ||    35
       Passwall          |     2 |       ||     2
  Use: Scroll            |     1 |     1 ||     2
Armor: Robe              |     4 |       ||     4
Dodge: Dodged            |    20 |     6 ||    26

Table legend:
 A = Spawn XP
 B = Non-spawn XP
 C = Spawn XP percentage of total XP
 D = Spawn monster count
 E = Non-spawn monster count
 F = Spawn count percentage of total count
 G = Total turns spent on level
                    A         B        C        D         E        F      G
               +---------+---------+-------+---------+---------+-------+---------
         Total |       0 |     118 |   0.0 |       0 |      13 |   0.0 |   795
               +---------+---------+-------+---------+---------+-------+---------
           D:2 |       0 |      25 |   0.0 |       0 |       8 |   0.0 |   256
           D:4 |       0 |      93 |   0.0 |       0 |       5 |   0.0 |   446
               +---------+---------+-------+---------+---------+-------+---------
